 Dungeon Crawl Stone Soup version 0.25-a0-834-g55863b0b92 (webtiles) character file.

Game seed: 13536951706583833763, levelgen mode: deterministic

721 Esekla the Magician (level 7, -2/37 HPs)
             Began as a Tengu Venom Mage on Apr 23, 2020.
             Was an Initiate of Elyvilon.
             Shot with an arrow by a centaur (7 damage)
             ... on level 6 of the Dungeon.
             The game lasted 00:39:48 (5074 turns).

Esekla the Magician (Tengu Venom Mage)              Turns: 5074, Time: 00:39:48

Health: -2/37      AC:  2    Str:  8    XL:     7   Next: 70%
Magic:  11/15      EV: 13    Int: 18    God:    Elyvilon [......]
Gold:   276        SH:  0    Dex: 14    Spells: 10/16 levels left

rFire    + . .     SeeInvis .   t - +0 dagger (venom)
rCold    + . .     Gourm    .   (no shield)
rNeg     . . .     Faith    .   a - +0 robe
rPois    .         Spirit   .   (helmet restricted)
rElec    .         Reflect  .   r - scarf {rC+ rF+}
rCorr    .         Harm     .   (no gloves)
MR       .....                  (boots unavailable)
Stlth    ++........             (no amulet)
HPRegen  0.12/turn              (no ring)
MPRegen  0.14/turn              (no ring)

@: very slightly contaminated
A: beak, talons 3, able to fly
a: Fly, Renounce Religion


You were on level 6 of the Dungeon.
You worshipped Elyvilon.
Elyvilon was noncommittal.
You were hungry.

You visited 1 branch of the dungeon, and saw 6 of its levels.
You also visited: Sewer.

You collected 276 gold pieces.

Inventory:

Hand Weapons
 b - a +0 hand axe
 t - a +0 dagger of venom (weapon)
Missiles
 n - a poisoned dart (quivered)
 v - a boomerang
Armour
 a - a +0 robe (worn)
 r - a scarf of resistance (worn)
 s - a +0 leather armour
Jewellery
 d - an uncursed ring of see invisible {unknown}
Wands
 g - a wand of random effects (13)
Scrolls
 f - a scroll of blinking {unknown}
 l - a scroll of noise {unknown}
 m - a scroll of fear
 o - 2 scrolls of enchant weapon {unknown}
 p - 2 scrolls of teleportation
 q - 3 scrolls of enchant armour {unknown}
 u - a scroll of fog {unknown}
Potions
 e - 2 potions of curing
 h - a potion of degeneration {unknown}
 i - 2 potions of might {unknown}
 j - 7 potions of stabbing
Comestibles
 c - 10 rations


   Skills:
 + Level 0.7 Fighting
 + Level 1.3 Short Blades
 * Level 3.1 Armour
 + Level 2.8 Dodging
 - Level 2.0 Stealth
 * Level 5.2 Spellcasting
 * Level 2.7 Conjurations
 - Level 0.7 Transmutations
 * Level 5.1 Air Magic
 - Level 3.0 Poison Magic


You had 10 spell levels left.
You knew the following spells:

 Your Spells              Type           Power        Failure   Level  Hunger
a - Sting                 Tmut/Pois      ##..         6%          1    None
c - Mephitic Cloud        Conj/Pois/Air  ###.....     9%          3    ##.....
v - Poisonous Vapours     Pois/Air       ###...       3%          2    #......

Your spell library contained the following spells:

 Spells                   Type           Power        Failure   Level  Hunger
 Static Discharge         Conj/Air       ###.....     8%          3    ##.....
 Ignite Poison            Fire/Tmut/Pois #.......     24%         3    ##.....
 Olgreb's Toxic Radiance  Pois           ###.....     36%         4    ####...
 Lightning Bolt           Conj/Air       ###.......   56%         5    ######.
 Ignition                 Fire           #.........   100%        8    #######
 Shatter                  Erth           #.........   100%        9    #######
 Tornado                  Air            ###.......   100%        9    #######


Dungeon Overview and Level Annotations

Branches:
Dungeon (6/15)              Sewer (visited)
 Temple: D:4-7

Altars:
Cheibriados
Elyvilon
Kikubaaqudgha
Nemelex Xobeh
Okawaru
Ru
Wu Jian
Yredelemnul
The Shining One

Shops:
D:4 !

Annotations:
D:5 Grinder


Innate Abilities, Weirdness & Mutations

You have a beak for a mouth.
You have claws for feet.
You can fly continuously.


Message History

You start resting.
The centaur shoots an arrow.
The arrow hits you!
* * * LOW HITPOINT WARNING * * *
Casting: Poisonous Vapours (safe; 3% risk of failure)
Confirm with . or Enter, or press ? or * to list all spells.
Aiming: Poisonous Vapours (safe; 3% risk of failure)
Press: ? - help, Dir - move target cursor, f/p - centaur
Aim: a centaur, wielding a +0 shortbow and quivering 12 arrows (almost dead) Poisonous vapours surround the centaur!
The centaur is poisoned.
The centaur shoots an arrow.
The arrow hits you. Elyvilon protects you from harm!
Casting: Poisonous Vapours (safe; 3% risk of failure)
Confirm with . or Enter, or press ? or * to list all spells.
Aiming: Poisonous Vapours (safe; 3% risk of failure)
Press: ? - help, Dir - move target cursor, f/p - centaur
Aim: a centaur, wielding a +0 shortbow and quivering 11 arrows (almost dead, poisoned)
You miscast Poisonous Vapours.
You are very lightly contaminated with residual magic.
Nothing appears to happen.
The centaur shoots an arrow.
The arrow hits you!
You die...

#.#
#...######.######
#.# #.Pc# #.# #.#
#...# #.# #.# ##.##
#.# #.# #.# #..
#.##### ##.## ##.
#.#...###...###...#.
#...P....._.....P..
###...###@..###.?.#
##### ##.## ## #.#
#.# ... .P. #...#
##.##


You could see a centaur.

Vanquished Creatures
  Purgy (D:4)
  An ogre (D:4)
  A crocodile (Sewer)
  A bullfrog (D:6)
  An orc wizard (D:4)
  An orc priest (D:4)
  2 jellies (D:6)
  A centaur skeleton (D:6)
  A worker ant (D:4)
  An iguana (D:4)
  3 gnolls (D:4)
  9 adders
  An ooze (D:4)
  2 adder skeletons
  4 worms
  2 dart slugs
  4 leopard geckos
  13 orcs
  7 giant cockroaches
  3 goblins
  4 hobgoblins
  6 jackals
  8 kobolds
  A quokka (D:4)
  A ball python (D:3)
  8 bats
  4 frilled lizards
  A jackal zombie (D:5)
  9 rats
101 creatures vanquished.

Notes
Turn   | Place    | Note
-------+----------+-------------------------------------------
     0 | D:1      | Esekla the Tengu Venom Mage began the quest for the Orb.
     0 | D:1      | Reached XP level 1. HP: 10/10 MP: 4/4
   191 | D:1      | Reached skill level 1 in Armour
   191 | D:1      | Reached XP level 2. HP: 10/15 MP: 1/6
   214 | D:1      | Learned a level 2 spell: Poisonous Vapours
   513 | D:2      | Reached XP level 3. HP: 19/19 MP: 2/8
   518 | D:2      | Learned a level 3 spell: Mephitic Cloud
   581 | D:2      | Found a glowing golden altar of the Shining One.
   872 | D:2      | Found an iron altar of Okawaru.
  2190 | D:3      | Found a snail-covered altar of Cheibriados.
  2364 | D:3      | Reached XP level 4. HP: 18/24 MP: 1/9
  2580 | D:2      | Reached skill level 1 in Air Magic
  2755 | D:3      | Found an ornate altar of the Wu Jian Council.
  2873 | D:3      | Found a basalt altar of Yredelemnul.
  2964 | D:3      | Found a sparkling altar of Nemelex Xobeh.
  3293 | D:4      | Gained mutation: You can fly continuously. [Tengu growth]
  3293 | D:4      | Reached XP level 5. HP: 28/28 MP: 6/11
  3331 | D:4      | Noticed Purgy
  3369 | D:4      | Killed Purgy
  3369 | D:4      | Reached skill level 1 in Conjurations
  3396 | D:4      | Found Xuubitos's Distillery.
  3420 | D:4      | Reached XP level 6. HP: 26/32 MP: 4/13
  3520 | D:4      | Found an ancient bone altar of Kikubaaqudgha.
  3575 | D:4      | Found a sacrificial altar of Ru.
  3691 | D:4      | Found a glowing drain.
  3715 | Sewer    | Entered a sewer
  3941 | Sewer    | Reached skill level 1 in Short Blades
  3941 | Sewer    | Reached XP level 7. HP: 24/37 MP: 6/15
  4543 | D:5      | Entered Level 5 of the Dungeon
  4641 | D:5      | Noticed Grinder
  4641 | D:5      | Paralysed by Grinder for 5 turns
  4681 | D:5      | Paralysed by Grinder for 2 turns
  4704 | D:6      | Reached skill level 5 in Spellcasting
  5000 | D:6      | Reached skill level 5 in Air Magic
  5048 | D:6      | Found a white marble altar of Elyvilon.
  5068 | D:6      | Became a worshipper of Elyvilon the Healer
  5073 | D:6      | Elyvilon protects you from harm!
  5074 | D:6      | Shot with an arrow by a centaur

Levels and vault maps discovered:
D:1:      saegor_arrival_simple_b, layout_loops_ring
D:2:      layout_basic, overflow_temple_1_default, tso_oasis_becter,
          kennysheep_another_room, kennysheep_generic_room_2
D:3:      layout_loops_ring, overflow_temple_1_default,
          nemelex_xobeh_ov_fountains_minmay, cheibriados_altar_1, first_ration,
          yredelemnul_altar_generic
D:4:      layout_basic, lemuel_doored_altar, kiku_gazebo_pond_becter,
          portal_sewer_entry_f, serial_shops, kennysheep_mini_moat, uniq_purgy
D:5:      layout_cave_pods, uniq_grinder
D:6:      layout_basic, elyvilon_altar_1

Skill      XL: |  1  2  3  4  5  6  7 |
---------------+----------------------+-----
Armour         | 1 2 3 |  3.1
Spellcasting   | 3 4 5 |  5.2
Air Magic      | 2 3 4 5 |  5.1
Conjurations   | 1 2 |  2.7
Short Blades   | 1 |  1.3
Fighting       | |  0.7
Dodging        | |  2.8
Stealth        | |  2.0
Transmutations | |  0.7
Poison Magic   | |  3.0

Action                   |  1- 3 |  4- 6 |  7- 9 || total
-------------------------+-------+-------+-------++-------
Melee: Hand axe          |     8 |       |       ||     8
       Kick              |    13 |     8 |    13 ||    34
       Peck              |     9 |     8 |    10 ||    27
       Short sword       |    49 |    29 |       ||    78
       Dagger            |       |    33 |    51 ||    84
Throw: Boomerang         |       |     8 |     7 ||    15
       Dart              |       |     4 |     1 ||     5
 Cast: Sting             |    10 |       |       ||    10
       Poisonous Vapours |    22 |    44 |    19 ||    85
       Mephitic Cloud    |       |     2 |     1 ||     3
  Use: Scroll            |       |     6 |       ||     6
       Potion            |       |     1 |     5 ||     6
 Stab: Sleeping          |     3 |     3 |       ||     6
       Confused          |       |     2 |       ||     2
  Eat: Chunk             |     4 |     9 |     3 ||    16
Armor: Robe              |    22 |    22 |     1 ||    45
Dodge: Dodged            |    37 |    71 |    38 ||   146

Table legend:
 A = Non-vault XP
 B = Vault XP
 C = Vault XP percentage of total XP
 D = Non-vault monster count
 E = Vault monster count
 F = Vault count percentage of total count
                 A         B        C        D         E       F
            +---------+---------+-------+---------+---------+-------
      Total |     784 |     246 |  23.9 |      86 |      15 |  14.9
            +---------+---------+-------+---------+---------+-------
        D:1 |      28 |       0 |   0.0 |      17 |       0 |   0.0
        D:2 |      45 |       9 |  16.7 |      11 |       3 |  21.4
        D:3 |      65 |       0 |   0.0 |      24 |       0 |   0.0
        D:4 |     420 |     121 |  22.4 |      26 |       6 |  18.8
        D:5 |       4 |       0 |   0.0 |       2 |       0 |   0.0
        D:6 |     222 |       0 |   0.0 |       6 |       0 |   0.0
      Sewer |       0 |     116 | 100.0 |       0 |       6 | 100.0
            +---------+---------+-------+---------+---------+-------
